 Dungeon Crawl Stone Soup version 0.21.1-1-g345015fe64 (webtiles) character file.

63 Bergy the Cudgeler (level 3, -3/33 HPs)
             Began as a Minotaur Fighter on July 22, 2018.
             Slain by SlightEye's ghost (9 damage)
             ... on level 3 of the Dungeon.
             The game lasted 00:03:39 (2010 turns).

Bergy the Cudgeler (Minotaur Fighter)               Turns: 2010, Time: 00:03:39

Health: -3/33      AC:  6    Str: 21    XL:     3   Next: 89%
Magic:  2/2        EV:  7    Int:  5    God:
Gold:   68         SH:  9    Dex:  9    Spells: 2/2 levels left

rFire    . . .     SeeInvis .   a - +0 flail
rCold    . . .     Gourm    .   c - +0 shield
rNeg     . . .     Faith    .   b - +0 scale mail
rPois    .         Spirit   .   (helmet restricted)
rElec    .         Reflect  .   (no cloak)
rCorr    .         Harm     .   (no gloves)
MR       .....                  (no boots)
Stlth    ..........             (no amulet)
HPRegen  0.11/turn              (no ring)
MPRegen  0.08/turn              (no ring)

@: no status effects
A: retaliatory headbutt, horns 2
a: no special abilities


You were on level 3 of the Dungeon.
You were very hungry.

You visited 1 branch of the dungeon, and saw 3 of its levels.

You collected 68 gold pieces.

Inventory:

Hand Weapons
 a - a +0 flail (weapon)
Armour
 b - a +0 scale mail (worn)
 c - a +0 shield (worn)
Jewellery
 g - a +2 ring of intelligence {unknown}
Scrolls
 e - 2 scrolls of remove curse {unknown}
 i - a scroll of enchant weapon {unknown}
 j - 2 scrolls of identify {unknown}
 m - a scroll of fog {unknown}
 o - 2 scrolls of magic mapping {unknown}
Potions
 d - a potion of might
 h - a potion of haste {unknown}
 k - 2 potions of brilliance {unknown}
 l - a potion of heal wounds {unknown}
 n - a potion of flight {unknown}
 q - a potion of curing {unknown}
Books
 p - a book of Maledictions

   Spells                             Type                      Level
   a - Corona                         Hexes                        1
   b - Ensorcelled Hibernation        Hexes/Ice                    2
   c - Confuse                        Hexes                        3
   d - Tukima's Dance                 Hexes                        3
   e - Dazzling Spray                 Conjuration/Hexes            3
Comestibles
 f - a ration
 r - a chunk of flesh


   Skills:
 - Level 3.7 Fighting
 + Level 4.9 Maces & Flails
 - Level 3.6 Armour
 + Level 0.7 Dodging
 - Level 3.6 Shields


You had 2 spell levels left.
You didn't know any spells.

Dungeon Overview and Level Annotations

Branches:
Dungeon (3/15)

Altars:

Annotations:
D:3 SlightEye's ghost, weakling FoFi


Innate Abilities, Weirdness & Mutations

You reflexively headbutt those who attack you in melee.
You have a pair of horns on your head.


Message History

SlightEye's ghost is moderately damaged.
The frilled lizard unfolds its giant frill.
You block SlightEye's ghost's attack.
You hit SlightEye's ghost but do no damage.
Your headbutt misses SlightEye's ghost.
SlightEye's ghost is moderately damaged.
SlightEye's ghost says, "You can hit me, but you can't hurt me."
You block SlightEye's ghost's attack.
You sock SlightEye's ghost! Your headbutt misses SlightEye's ghost.
SlightEye's ghost is severely damaged.
SlightEye's ghost hits you.
You hit SlightEye's ghost.
SlightEye's ghost is almost destroyed.
SlightEye's ghost hits you!
You hit SlightEye's ghost but do no damage.
SlightEye's ghost is almost destroyed.
SlightEye's ghost hits you.
* * * LOW HITPOINT WARNING * * *
SlightEye's ghost hits you!
You die...

#.##.##.#
#.......#
####.#### #.#
#.# #.### #...#
#
###.#######.#$.
#@#........#
#W#.l.l...#
#ll..#.##.#
#...≈#.>.
#..≈≈#....#
#..≈8####.#
#..≈≈# )#
##..≈# # ##..#


You could see SlightEye's ghost and 2 frilled lizards.

Vanquished Creatures
  4 adders
  3 leopard geckos (D:2)
  A ball python (D:2)
  3 bats
  4 hobgoblins
  6 frilled lizards
  4 kobolds (D:2)
  2 rats (D:1)
27 creatures vanquished.

Notes
Turn   | Place    | Note
-------+----------+-------------------------------------------
     0 | D:1      | Bergy the Minotaur Fighter began the quest for the Orb.
     0 | D:1      | Reached XP level 1. HP: 19/19 MP: 0/0
   278 | D:1      | Reached skill level 3 in Maces & Flails
   289 | D:1      | Reached XP level 2. HP: 23/27 MP: 1/1
  1052 | D:2      | Reached skill level 4 in Maces & Flails
  1059 | D:2      | Reached XP level 3. HP: 33/33 MP: 2/2
  1824 | D:3      | Noticed SlightEye's ghost (weakling FoFi)
  2010 | D:3      | Slain by SlightEye's ghost

Skill      XL: |  1  2 |
---------------+-------+-----
Maces & Flails | 3 4 |  4.9
Fighting       | |  3.7
Armour         | |  3.6
Dodging        | |  0.7
Shields        | |  3.6

Action                   || total
-------------------------++-------
Melee: Flail             ||    95
       Headbutt          ||    11
  Eat: Chunk             ||     2
Armor: Scale mail        ||    37
Dodge: Dodged            ||    23
Block: Shield            ||    47
